 Dungeon Crawl Stone Soup version 0.23.0-42-geed6394 (webtiles) character file.

Game seed: 12362006117519963006

100562 JeffiDaFish the Severer (level 15, -5/138 HPs)
             Began as a Minotaur Berserker on Feb 28, 2019.
             Was the Champion of Trog.
             Killed by divine providence
             ... invoked by an orc priest
              (12 damage)
             ... on level 2 of the Orcish Mines.
             The game lasted 00:48:58 (22100 turns).

JeffiDaFish the Severer (Minotaur Berserker)       Turns: 22100, Time: 00:48:58

Health: -5/138     AC: 39    Str: 30    XL:     15   Next: 80%
Magic:  14/14      EV: 13    Int:  4    God:    Trog [******]
Gold:   2615       SH:  0    Dex: 14    Spells: 14/14 levels left

rFire    . . .     SeeInvis .   H - +5 executioner's axe (flame)
rCold    . . .     Gourm    .   (shield currently unavailable)
rNeg     . . .     Faith    .   I - +5 crystal plate armour
rPois    +         Spirit   .   A - +2 hat
rElec    .         Reflect  .   C - +0 cloak {rPois}
rCorr    +         Harm     .   m - +1 pair of gloves {Str+3}
MR       +....                  v - +0 pair of boots
Stlth    ..........             l - amulet of regeneration
HPRegen  0.73/turn              J - +3 ring of dexterity
MPRegen  0.14/turn              p - ring of resist corrosion

@: berserk cooldown, slowed, very slow
A: retaliatory headbutt, horns 2, mutation resistance 1, poison resistance
a: Berserk, Trog's Hand, Brothers in Arms, Renounce Religion


You were on level 2 of the Orcish Mines.
You worshipped Trog.
Trog was exalted by your worship.
You were hungry.

You visited 3 branches of the dungeon, and saw 23 of its levels.
You also visited: Ossuary, Bailey, Gauntlet and Ice Cave.

You collected 3156 gold pieces.
You spent 541 gold pieces at shops.

Inventory:

Hand Weapons
 s - the +11 battleaxe of Ethics {chop, MR+ Int+2 Dex-3}
   (Trog gifted it to you on level 8 of the Dungeon)

   It inflicts extra damage upon your enemies.
   It affects your intelligence (+2).
   It affects your dexterity (-3).
   It affects your resistance to hostile enchantments.
 H - a +5 executioner's axe of flaming (weapon)
Armour
 m - a +1 pair of gloves of strength (worn)
 v - a +0 pair of boots (worn)
 A - a +2 hat (worn)
 C - a +0 cloak of poison resistance (worn)
 I - a +5 crystal plate armour (worn)
Jewellery
 l - an amulet of regeneration (around neck)
 p - a ring of resist corrosion (right hand)
 u - an uncursed ring of positive energy
 D - an uncursed amulet of rage
 G - an uncursed ring of protection from magic
 J - a +3 ring of dexterity (left hand)
Wands
 f - a wand of acid (7)
 h - a wand of iceblast (21)
 t - a wand of disintegration (43)
 x - a wand of digging (8)
 z - a wand of flame (18)
 B - a wand of paralysis (15)
Scrolls
 a - a scroll of holy word
 b - 11 scrolls of teleportation
 i - 16 scrolls of identify
 r - 10 scrolls of remove curse
 y - 6 scrolls of fog
 K - a scroll of summoning
 O - a scroll of magic mapping
 P - a scroll of silence
Potions
 e - 3 potions of might
 g - 3 potions of ambrosia
 j - 15 potions of curing
 k - 2 potions of mutation
 n - 4 potions of heal wounds
 o - 5 potions of brilliance
 q - 3 potions of cancellation
 w - 2 potions of berserk rage
 E - a potion of haste {unknown}
 F - a potion of magic
 L - a potion of invisibility
 N - 2 potions of flight
Comestibles
 c - 46 rations
 d - 14 chunks of flesh


   Skills:
 + Level 14.1 Fighting
 * Level 18.8 Axes
 * Level 18.6 Armour
 + Level 12.8 Dodging


You had 14 spell levels left.
You didn't know any spells.
Your spell library was empty.

Dungeon Overview and Level Annotations

Branches:
Dungeon (15/15)            Temple (0/1) D:6            Lair (6/6) D:11
 Shoals (0/4) Lair:2       Spider (0/4) Lair:3        Slime (0/5) Lair:5
    Orc (2/2) D:10            Elf (0/3) Orc:2        Vaults (0/5) D:14
 Depths (0/5) D:15

Altars:
Ashenzari
Dithmenos
Fedhas
Gozag
Hepliaklqana
Okawaru
Qazlal
Ru
Sif Muna
Uskayaw
Vehumet
Xom
Yredelemnul
The Shining One
Jiyva

Shops:
D:4 (   D:5 [   D:7 }   D:12 [   D:15 !

Portals:
Trove: D:11 (show slimy rune of Zot)

Annotations:
D:9 exclusion: obsidian statue


Innate Abilities, Weirdness & Mutations

You reflexively headbutt those who attack you in melee.
You have a pair of horns on your head.
You are somewhat resistant to further mutation.
Your system is resistant to poisons. (rPois)


Message History

* * * LOW HITPOINT WARNING * * *
As you read the scroll of fear, it crumbles to dust.
You assume a fearsome visage.
The orc priest looks frightened! x2
The orc warrior looks frightened!
The orc knight easily resists.
The orc warlord looks frightened!
The orc warrior looks frightened!
The orc wizard looks frightened!
The orc looks frightened!
The orc warrior looks frightened! x2; The orc looks frightened!
The orc warrior tries to recover its lost courage.
The orc wizard gestures wildly while chanting.
The orc wizard flickers and vanishes!
Deactivating autopickup; reactivate with Ctrl-A.
The orc priest no longer looks unusually strong.
The orc warrior yells, "Help!"
The orc knight closely misses you.
The orc knight no longer looks unusually strong.
The orc knight roars a battlecry!
The orc priest goes into a battle-frenzy!
The orc priest mumbles some strange prayers to Beogh against you.
Beogh smites you!
You die...

##..####.) ...........
#...#.###. #.........#
#......#.. #.........#
#......... #.....o.o.#
#........# #......o.o#
#....#.#.# #....o.o{o
#....##...
####..oo)############.....##..
....o.)))oo..@...........#....
......))).o........##.#.......
......))).....................
.......)).....(...............
.......)......................
........))(.................)(
.....................#..)...(.
........................)..(.#
.......................).)..#.


You could see an orc knight, an orc warrior and 3 orc priests.

Vanquished Creatures
  Rupert (Lair:5)
  Frances (D:12)
  An entropy weaver (Gauntlet)
  Nessos (Lair:5)
  A minotaur (Gauntlet)
  The ghost of Ceyroiss the Quickloader, a journeyman HuWn of Dithmenos (Lair:4)
  A quicksilver dragon zombie (D:15)
  A great orb of eyes (Gauntlet)
  8 vault guards (D:14)
  3 ice dragons
  4 hydras
  A catoblepas (D:15)
  2 centaur warriors
  A two-headed ogre (shapeshifter) (D:15)
  Erica (D:8)
  3 two-headed ogres
  2 death knights
  Urug (Orc:2)
  3 tengu warriors
  4 orc high priests
  6 skeletal warriors (D:15)
  An unseen horror (D:13)
  A flayed ghost (D:15)
  2 lindwurms (Lair:6)
  A wizard (D:15)
  A wolf spider zombie (D:15)
  5 oklob plants
  A necromancer (D:15)
  2 orc sorcerers (Orc:2)
  2 phantasmal warriors (D:15)
  3 orc knights
  A deep elf mage (D:15)
  A wolf spider (Lair:6)
  5 cyclopes
  4 ugly things
  A worldbinder (Gauntlet)
  A manticore (D:15)
  Maurice (Orc:2)
  A guardian serpent (Lair:6)
  11 elephants
  9 black mambas
  2 ice statues (IceCv)
  5 torpor snails (Lair:6)
  2 gargoyles (D:15)
  11 spiny frogs
  11 rime drakes
  A kobold demonologist (D:14)
  3 komodo dragons
  A freezing wraith (D:15)
  A redback zombie (D:14)
  A jumping spider (Gauntlet)
  2 polar bears
  A troll (Orc:1)
  12 hornets
  A queen bee (Lair:2)
  An ettin zombie (D:15)
  3 tyrant leeches (Lair:6)
  Grinder (D:6)
  2 blink frogs (shapeshifter) (D:13)
  A snapping turtle (Lair:2)
  10 hippogriffs
  8 slime creatures
  2 deep troll zombies (D:15)
  A spriggan (D:7)
  A shadow (D:13)
  A wraith (D:10)
  3 basilisks
  5 water elementals (D:14)
  29 yaks
  3 vampires
  4 redbacks
  11 wyverns
  A hungry ghost (D:13)
  2 wargs
  Menkaure (D:7)
  5 vampire mosquitoes
  3 acid dragons
  An insubstantial wisp (Lair:1)
  16 water moccasins
  6 porcupines
  3 sky beasts
  18 ice beasts
  2 eyes of draining (D:15)
  31 orc warriors
  2 black bears
  4 phantoms
  5 ogres
  2 boggarts (Gauntlet)
  14 centaurs
  5 wolves
  14 crocodiles
  A big kobold (D:9)
  15 bullfrogs
  A wyvern skeleton (D:13)
  5 scorpions
  25 killer bees
  9 wights
  4 howler monkeys
  4 electric eels
  2 crimson imps
  2 quasits
  6 hounds
  2 human zombies (Ossuary)
  4 centaur skeletons
  5 bullfrog skeletons
  3 centaur zombies
  22 orc priests
  2 jellies
  22 orc wizards
  Natasha (thrice) (D:2)
  3 iguanas
  11 worker ants
  A big kobold zombie (Ossuary)
  A hound skeleton (D:5)
  2 mummies (Ossuary)
  Robin (D:3)
  A howler monkey zombie (D:10)
  11 gnolls
  22 adders
  6 shadow imps
  12 white imps (Lair:4)
  2 oozes
  2 adder zombies
  2 adder skeletons
  A worm (D:2)
  4 dart slugs (D:1)
  7 leopard geckos
  51 orcs
  A ball python (D:5)
  7 bats
  6 giant cockroaches
  21 goblins
  11 hobgoblins
  8 jackals
  4 quokkas
  A ball python skeleton (D:4)
  4 frilled lizards
  A goblin zombie (Ossuary)
  6 hobgoblin zombies (Ossuary)
  3 jackal zombies (Ossuary)
  13 kobolds
  10 kobold zombies (Ossuary)
  A leopard gecko zombie (D:6)
  8 orc zombies (Ossuary)
  3 rats
  2 rat zombies (Ossuary)
  8 fungi
  29 plants
800 creatures vanquished.

Vanquished Creatures (others)
  A water moccasin (Lair:6)
  A giant cockroach (D:1)
  11 fungi
  35 plants
  A withered plant (D:15)
49 creatures vanquished.

Grand Total: 849 creatures vanquished

Notes
Turn   | Place    | Note
-------+----------+-------------------------------------------
     0 | D:1      | JeffiDaFish the Minotaur Berserker began the quest for the
                  | Orb.
     0 | D:1      | Reached XP level 1. HP: 19/19 MP: 0/0
   443 | D:1      | Reached XP level 2. HP: 24/27 MP: 1/1
   720 | D:1      | Reached XP level 3. HP: 33/33 MP: 2/2
  1322 | D:2      | Reached ** piety under Trog
  1632 | D:2      | Reached XP level 4. HP: 41/41 MP: 3/3
  1713 | D:2      | Noticed Natasha
  1722 | D:2      | Killed Natasha
  1722 | D:2      | Reached skill level 5 in Axes
  1829 | D:2      | Noticed Natasha
  1838 | D:2      | Killed Natasha
  1838 | D:2      | Reached XP level 5. HP: 42/47 MP: 4/4
  2102 | D:2      | Noticed Natasha
  2104 | D:2      | Killed Natasha
  2329 | D:3      | Found an iron altar of Okawaru.
  2447 | D:3      | Noticed Robin
  2459 | D:3      | Killed Robin
  2471 | D:3      | Reached *** piety under Trog
  2784 | D:3      | Reached XP level 6. HP: 47/55 MP: 5/5
  2884 | D:4      | Reached skill level 5 in Fighting
  2913 | D:4      | Found a blossoming altar of Fedhas.
  2938 | D:4      | Found a stormy altar of Qazlal.
  3263 | D:4      | Reached skill level 5 in Armour
  3275 | D:4      | Found Qidih's Weapon Boutique.
  3397 | D:4      | Found a shimmering altar of Xom.
  3454 | D:4      | Reached XP level 7. HP: 61/61 MP: 6/6
  3835 | D:5      | Entered Level 5 of the Dungeon
  3900 | D:5      | Found Roanuedel's Armour Shop.
  3909 | D:5      | Bought a +1 pair of gloves of strength for 181 gold pieces
  4149 | D:5      | Reached **** piety under Trog
  4215 | D:5      | Found a deep blue altar of Sif Muna.
  4215 | D:5      | Found a glowing golden altar of the Shining One.
  4215 | D:5      | Found a hide-covered altar of Uskayaw.
  4215 | D:5      | Found a shadowy altar of Dithmenos.
  4339 | D:5      | Reached XP level 8. HP: 70/70 MP: 7/7
  4405 | D:6      | Noticed Grinder
  4440 | D:6      | Paralysed by Grinder for 3 turns
  4448 | D:6      | Killed Grinder
  4555 | D:6      | Reached skill level 5 in Dodging
  4961 | D:6      | Found a staircase to the Ecumenical Temple.
  5252 | D:6      | Found a basalt altar of Yredelemnul.
  5320 | D:7      | Noticed Menkaure
  5329 | D:7      | Killed Menkaure
  5423 | D:7      | Reached XP level 9. HP: 79/79 MP: 8/8
  5462 | D:7      | Found an opulent altar of Gozag.
  5594 | D:7      | Found a sand-covered staircase.
  5602 | Ossuary  | Entered an ossuary
  5670 | Ossuary  | Reached ***** piety under Trog
  5871 | D:7      | Gained mutation: You are somewhat resistant to further
                  | mutation. [potion of mutation]
  5871 | D:7      | Gained mutation: Your system is resistant to poisons.
                  | (rPois) [potion of mutation]
  6036 | D:7      | Found Keedium's Gadget Emporium.
  6076 | D:7      | Found a hazy altar of Hepliaklqana.
  6537 | D:8      | Found a sacrificial altar of Ru.
  6540 | D:8      | Noticed Erica
  6562 | D:8      | Killed Erica
  6562 | D:8      | Reached skill level 10 in Axes
  6645 | D:8      | Received a gift from Trog
  6660 | D:8      | Got a pitted battleaxe {god gift}
  6661 | D:8      | Identified the +11 battleaxe of Ethics {chop, MR+ Int+2
                  | Dex-3} (Trog gifted it to you on level 8 of the Dungeon)
  6790 | D:8      | Reached skill level 10 in Armour
  6798 | D:8      | Reached XP level 10. HP: 88/88 MP: 9/9
  7217 | D:9      | Noticed an obsidian statue
  7218 | D:9      | Noticed an orange demon
  7218 | D:9      | Noticed a smoke demon
  7542 | D:9      | Found a radiant altar of Vehumet.
  8103 | D:10     | Entered Level 10 of the Dungeon
  8172 | D:10     | Received a gift from Trog
  8216 | D:10     | Identified the +2 ring mail of the Stag {rElec rN+ Str-4}
                  | (You found it on level 10 of the Dungeon)
  8252 | D:10     | Found a staircase to the Orcish Mines.
  8731 | D:11     | Noticed a cyclops
  8746 | D:11     | Killed a cyclops
  8804 | D:11     | Noticed a two-headed ogre
  8809 | D:11     | Killed a two-headed ogre
  8909 | D:11     | Found a staircase to the Lair.
  8920 | D:11     | Reached XP level 11. HP: 68/97 MP: 10/10
  9071 | D:11     | Found a portal to a secret trove of treasure.
  9182 | D:11     | Found a deep blue altar of Sif Muna.
  9340 | Lair:1   | Entered Level 1 of the Lair of Beasts
 10489 | Lair:2   | Reached skill level 10 in Fighting
 10536 | Lair:2   | Found a gate leading to a gauntlet.
 10553 | Gauntlet | Entered a Gauntlet
 10553 | Gauntlet | Found a transporter.
 10553 | Gauntlet | Found a transporter.
 10584 | Gauntlet | Found a transporter.
 10587 | Gauntlet | Found a transporter.
 10596 | Gauntlet | Noticed an entropy weaver
 10598 | Gauntlet | Found a transporter.
 10602 | Gauntlet | Found a transporter.
 10624 | Gauntlet | Found a transporter.
 10624 | Gauntlet | Noticed a great orb of eyes
 10633 | Gauntlet | Noticed a brown ugly thing
 10645 | Gauntlet | Found a transporter.
 10645 | Gauntlet | Noticed a sixfirhy
 10647 | Gauntlet | Noticed a sixfirhy
 10649 | Gauntlet | Noticed a sixfirhy
 10662 | Gauntlet | Found a transporter.
 10666 | Gauntlet | Found a transporter.
 10667 | Gauntlet | Noticed an entropy weaver
 10667 | Gauntlet | Noticed a wolf spider
 10676 | Gauntlet | Found a transporter.
 10680 | Gauntlet | Found a transporter.
 10811 | Gauntlet | Killed an entropy weaver
 10812 | Gauntlet | Received a gift from Trog
 10825 | Gauntlet | Identified a scroll of acquirement
 10851 | Gauntlet | Killed a great orb of eyes
 10862 | Gauntlet | Killed a brown ugly thing
 10862 | Gauntlet | Reached XP level 12. HP: 92/107 MP: 8/11
 10903 | Gauntlet | Got a shimmering ruby amulet
 10905 | Gauntlet | Identified the amulet of Syndicalism {Faith Str-3 Int+8}
                  | (You found it in a Gauntlet)
 10958 | Gauntlet | Noticed a minotaur
 10965 | Gauntlet | Killed a minotaur
 11233 | Lair:2   | Found a staircase to the Shoals.
 11554 | Lair:2   | Noticed an eight-headed hydra
 11560 | Lair:2   | Killed an eight-headed hydra
 12165 | Lair:3   | Found a hole to the Spider Nest.
 12825 | Lair:4   | Found a frozen archway.
 12836 | IceCv    | Entered an ice cave
 12864 | IceCv    | Received a gift from Trog
 12864 | IceCv    | Reached skill level 10 in Dodging
 13136 | IceCv    | Noticed an ice dragon
 13136 | IceCv    | Noticed an ice dragon
 13144 | IceCv    | Killed an ice dragon
 13144 | IceCv    | Reached skill level 15 in Axes
 13148 | IceCv    | Killed an ice dragon
 13148 | IceCv    | Reached XP level 13. HP: 116/116 MP: 12/12
 13208 | IceCv    | Got a pitted gossamer ring
 13214 | IceCv    | Identified the ring of Untruth {-Tele rElec MR+ Int+5
                  | Slay+3} (You found it in an ice cave)
 13995 | Lair:4   | Found a runed translucent door.
 13996 | Lair:4   | Noticed Ceyroiss's ghost (journeyman HuWn)
 14014 | Lair:4   | Killed Ceyroiss's ghost
 14392 | Lair:5   | Noticed Nessos
 14399 | Lair:5   | Killed Nessos
 14399 | Lair:5   | Reached skill level 15 in Armour
 14682 | Lair:5   | Noticed Rupert
 14690 | Lair:5   | Killed Rupert
 14810 | Lair:5   | Found a staircase to the Slime Pits.
 14811 | Lair:5   | Found a viscous altar of Jiyva.
 15532 | Lair:6   | Entered Level 6 of the Lair of Beasts
 15977 | Lair:6   | Reached ****** piety under Trog
 15978 | Lair:6   | Reached XP level 14. HP: 127/127 MP: 13/13
 16247 | Lair:6   | Received a gift from Trog
 16534 | Lair:6   | Found a runed translucent door.
 17136 | Lair:6   | Identified the +2 scale mail of Sosug {rF+ MR+ Str-5} (You
                  | found it on level 6 of the Lair of Beasts)
 17570 | D:12     | Found Hausiz's Armour Shop.
 17578 | D:12     | Noticed Frances
 17589 | D:12     | Killed Frances
 18209 | D:13     | Received a gift from Trog
 18830 | D:14     | Reached XP level 15. HP: 131/136 MP: 14/14
 18861 | D:14     | Found a gate to the Vaults.
 19680 | D:14     | Found a shattered altar of Ashenzari.
 19796 | D:15     | Entered Level 15 of the Dungeon
 20053 | D:15     | Found a staircase to the Depths.
 20338 | D:15     | Found a stormy altar of Qazlal.
 20344 | D:15     | Received a gift from Trog
 20870 | D:15     | Found Gikkez's Distillery.
 20878 | D:15     | Bought a potion of curing for 45 gold pieces
 20878 | D:15     | Bought a potion of might for 60 gold pieces
 20878 | D:15     | Bought a potion of berserk rage for 75 gold pieces
 20878 | D:15     | Bought a potion of might for 60 gold pieces
 20878 | D:15     | Bought a potion of mutation for 120 gold pieces
 21014 | Orc:1    | Entered Level 1 of the Orcish Mines
 21329 | Orc:1    | Found a flagged portal.
 21505 | Bailey   | Entered a bailey
 21643 | Orc:2    | Entered Level 2 of the Orcish Mines
 21869 | Orc:2    | Found a staircase to the Elven Halls.
 21884 | Orc:2    | Noticed Urug
 21890 | Orc:2    | Received a gift from Trog
 21906 | Orc:2    | Killed Urug
 22040 | Orc:2    | Noticed Maurice
 22057 | Orc:2    | Killed Maurice
 22064 | Orc:2    | Noticed an orc warlord
 22097 | Orc:2    | HP: 4/138 [orc warrior/+0 trident (8)]
 22100 | Orc:2    | Killed from afar by an orc priest

Skill      XL: |  1  2  3  4  5  6  7  8  9 10 11 12 13 14 15 |
---------------+----------------------------------------------+-----
Axes           | 4 5 6 7 9 10 12 13 15 16 17 18 | 18.8
Fighting       | 4 5 6 7 8 9 10 11 12 13 14 | 14.1
Armour         | 3 4 5 6 8 10 11 13 14 16 17 18 | 18.6
Dodging        | 3 4 5 6 7 9 10 11 12 | 12.8

Action                   |  1- 3 |  4- 6 |  7- 9 | 10-12 | 13-15 || total
-------------------------+-------+-------+-------+-------+-------++-------
Melee: Hand axe          |    95 |   170 |   281 |       |       ||   546
       Headbutt          |    15 |    23 |    65 |    64 |   184 ||   351
       Battleaxe         |       |       |    21 |   380 |    58 ||   459
       Flail             |       |       |       |     6 |     6 ||    12
       Executioner's axe |       |       |       |       |   726 ||   726
Invok: Berserk           |       |     3 |     4 |     6 |    10 ||    23
       Brothers in Arms  |       |       |       |     1 |       ||     1
Evoke: Wand              |       |       |       |       |     1 ||     1
  Use: Potion            |     4 |     2 |     5 |     3 |     1 ||    15
       Scroll            |     2 |     7 |     4 |     9 |    16 ||    38
 Stab: Invisible         |       |       |     2 |       |       ||     2
  Eat: Chunk             |     2 |     7 |    17 |    18 |    30 ||    74
       Ration            |       |       |       |     2 |     3 ||     5
Armor: Plate armour      |    82 |   105 |   175 |   224 |   184 ||   770
       Skin              |       |    10 |       |       |       ||    10
       Crystal plate arm |       |       |       |       |   577 ||   577
Dodge: Dodged            |    46 |    60 |   144 |   194 |   618 ||  1062
